 Dungeon Crawl Stone Soup version 0.27.1-3-gb3d3a73c9e (webtiles) character file.

Game seed: 10379705258057695470

98 Crownlay the Slasher (level 4, -3/37 HPs)
             Began as a Minotaur Gladiator on Oct 24, 2021.
             Was an Initiate of Ashenzari.
             Slain by Terence (7 damage)
             ... on level 3 of the Dungeon.
             The game lasted 00:04:27 (1918 turns).

Crownlay the Slasher (Minotaur Gladiator)           Turns: 1918, Time: 00:04:28

Health: -3/37      AC:  4    Str: 19    XL:     4   Next: 44%
Magic:  3/3        EV: 12    Int:  5    God:    Ashenzari [......]
Gold:   79         SH:  5    Dex: 12    Spells: 3/3 levels left

rFire    . . .     SeeInvis .   o - +1 falchion (vorpal)
rCold    . . .     Faith    .   j - +0 buckler "Shattered Foul Odors" {Range, Comp} (curse)
rNeg     . . .     Spirit   .   b - +0 leather armour
rPois    .         Reflect  .   c - +0 hat
rElec    .         Harm     .   (no cloak)
rCorr    .         Rampage  .   (no gloves)
Will     .....                  f - +0 pair of boots
Stlth    +.........             (no amulet)
HPRegen  0.12/turn              (no ring)
MPRegen  0.08/turn              (no ring)

@: no status effects
A: horns 2, retaliatory headbutt
a: Renounce Religion, Shatter the Chains


You were on level 3 of the Dungeon.
You worshipped Ashenzari.
Ashenzari was noncommittal.
You visited 1 branch of the dungeon, and saw 3 of its levels.

You collected 79 gold pieces.

Inventory:

Hand Weapons
 o - a +1 vorpal falchion (weapon)
Missiles
 d - 3 throwing nets (quivered)
Armour
 b - a +0 leather armour (worn)
 c - a +0 hat (worn)
 f - a +0 pair of boots (worn)
 j - the cursed +0 buckler "Shattered Foul Odors" (worn) {Range, Comp}
   (You found it on level 1 of the Dungeon)

   It has a curse which improves the following skills: Ranged Combat: Slings,
   Bows, Crossbows and Throwing.
   Companions: Summonings and Necromancy.
Scrolls
 e - 2 scrolls of blinking
 g - 3 scrolls of teleportation
 h - a scroll of identify
 k - a scroll of vulnerability
 l - a scroll of noise
 n - a scroll of immolation
Potions
 i - 3 potions of curing
 m - a potion of heal wounds


   Skills:
 + Level 2.5 Fighting
 * Level 4.7 Long Blades
 - Level 2.0(2.4) Throwing
 - Level 3.2 Dodging
 - Level 4.0 Shields


You had 3 spell levels left.
You didn't know any spells.
Your spell library was empty.

Dungeon Overview and Level Annotations

Branches:
Dungeon (3/15)

Altars:
Ashenzari

Annotations:
D:3 Terence


Innate Abilities, Weirdness & Mutations

You have a pair of horns on your head.
You reflexively headbutt those who attack you in melee.


Message History

You are too injured to fight recklessly!
You are too injured to fight recklessly!
You are too injured to fight recklessly!
You are too injured to fight recklessly!
You are too injured to fight recklessly!
You are too injured to fight recklessly!
Unknown command.
The adder bites you.
The white imp shouts, "Submit, thou twisted fly-bitten mule!"
The white imp barely misses you.
You riposte.
You hit the white imp.
You kill the white imp!
You hit the adder.
The adder is heavily wounded.
The adder barely misses you. The goblin barely misses you.
You furiously retaliate!
You headbutt the goblin.
You kill the goblin!
Training target 4.0 for Shields reached!
Your Shields skill increases to level 4!
You need to enable at least one skill for training.
You hit the adder.
You kill the adder!
You block Terence's attack.
You hit Terence but do no damage. Terence hits you with a +3 falchion.
You closely miss Terence. Terence hits you with a +3 falchion.
* * * LOW HITPOINT WARNING * * *
You hit Terence.
Terence is lightly wounded.
Terence barely misses you.
You barely miss Terence.
Terence is lightly wounded.
Terence hits you with a +3 falchion.
* * * LOW HITPOINT WARNING * * *
You closely miss Terence. Your headbutt misses Terence.
Terence is lightly wounded.
Terence hits you with a +3 falchion.
* * * LOW HITPOINT WARNING * * *
You barely miss Terence.
Terence is lightly wounded.
Terence hits you with a +3 falchion!
You die...

#........# .$..
#........###....
..........#...............
..........#...............
......... #...............
........#.#...............
........#.......).........
........# #....@@†.....#
........# #............#
........# #............#
.####.#.###............#
......#...'............#
......#####............#
....#.#####............#
.##<#.............#.####
###############.#.#


You could see Terence.

Vanquished Creatures
  Robin (D:2)
  An adder (D:3)
  A white imp (D:3)
  A worm (D:2)
  2 dart slugs
  4 ball pythons
  3 bats
  4 endoplasms (D:1)
  4 giant cockroaches
  13 goblins
  8 hobgoblins
  7 kobolds
  2 quokkas (D:1)
  3 frilled lizards
  4 rats
58 creatures vanquished.

Notes
Turn   | Place    | Note
-------+----------+-------------------------------------------
     0 | D:1      | Crownlay the Minotaur Gladiator began the quest for the
                  | Orb.
     0 | D:1      | Reached XP level 1. HP: 18/18 MP: 0/0
   103 | D:1      | Reached XP level 2. HP: 25/25 MP: 1/1
   331 | D:1      | Reached skill level 1 in Shields
   646 | D:1      | Reached XP level 3. HP: 30/30 MP: 2/2
  1360 | D:2      | Found a faded altar of an unknown god.
  1407 | D:2      | Became a worshipper of Ashenzari the Shackled
  1533 | D:2      | Noticed Robin
  1566 | D:2      | Reached XP level 4. HP: 11/37 MP: 3/3
  1571 | D:2      | Killed Robin
  1907 | D:3      | Noticed Terence
  1918 | D:3      | Slain by Terence

Illustrated notes

Levels and vault maps discovered:
D:1:      giann_wishing_wells, layout_basic, kennysheep_minor_cross, hex_medium,
          minmay_misc_feat_chi
D:2:      layout_rooms, ebering_ecumenical_altar_webs, uniq_robin
D:3:      layout_basic, serial_glass, glass_columns_a, glass_columns_b,
          minivault_27, palyth_stone_intersect, uniq_terence

Skill      XL: |  1  2  3  4 |
---------------+-------------+-----
Long Blades    | 4 |  4.7
Shields        | 1 3 4 |  4.0
Fighting       | |  2.5
Throwing       | |  2.0
Dodging        | |  3.2

Action                   |  1- 3 |  4- 6 || total
-------------------------+-------+-------++-------
Melee: Long sword        |    98 |     7 ||   105
       Headbutt          |    17 |     3 ||    20
       Falchion          |       |    11 ||    11
Invok: Curse Item        |     1 |       ||     1
  Use: Scroll            |     1 |       ||     1
Armor: Leather armour    |    32 |     1 ||    33
Dodge: Dodged            |    68 |     7 ||    75
Block: Buckler           |     9 |     3 ||    12
       Rpst.: Long sword |    20 |       ||    20
       Falchion          |       |     2 ||     2
